Connexion

Marlies vs Wolf Pack

Created - 22 octobre 2023 at 06:04

Goals
1 2 3 T
Marlies 1 2 0 3
Wolf Pack 3 1 1 5
Shots
1 2 3 T
Marlies 17 20 3 40
Wolf Pack 10 12 19 41

GoalsPenalties
1st period
1. Marlies , Ian McCoshen 7 (Brad Malone 21, Dominik Simon 17) at 1:48 (PP)
2. Wolf Pack , Zac Dalpe 10 (Shane Bowers 8, Seth Helgeson 9) at 6:54
3. Wolf Pack , Zac Dalpe 11 (Dave Gust 11, Daniel Walcott 16) at 7:36
4. Wolf Pack , Luke Witkowski 9 (Matt Donovan 16, Emile Poirier 13) at 8:13
Daniel Walcott (HAR) for Delaying the game (Minor) at 0:45
Michael Kapla (HAR) for Hooking (Minor) at 4:15
Dave Gust (HAR) for Tripping (Minor) at 8:24
Daniel Walcott (HAR) for Hooking (Minor) at 9:41
Seth Helgeson (HAR) for Tripping (Minor) at 11:36
2nd period
5. Wolf Pack , Zac Dalpe 12 (Tyler Wotherspoon 9, Brad Richardson 10) at 0:06
6. Marlies , Mathias Brome 5 (Mitchell Heard 7, Dominik Simon 18) at 4:06
7. Marlies , Dominik Simon 12 (Tim Schaller 15, Tyler Lewington 11) at 9:52 (PP)
Luke Witkowski (HAR) for Roughing (Double Minor) at 8:46
3rd period
8. Wolf Pack , Matt Donovan 2 (Tyler Wotherspoon 10, Emile Poirier 14) at 17:58
Brad Malone (TOR) for Holding (Minor) at 0:47
Goalie Stats
Daniel Mannella (TOR), 29 saves from 30 shots - (0,967), 39:54 minutes
Erik Kallgren (TOR), 7 saves from 11 shots - (0,636), L, 7-3-1, 20:06 minutes
Mads Sogaard (HAR), 37 saves from 40 shots - (0,925), W, 8-10-1, 60:00 minutes
3 StarsOfficial
1 - Zac Dalpe (HAR)
2 - Matt Donovan (HAR)
3 - Tyler Wotherspoon (HAR)
Referees : Eric Furlatt and Brad Watson
Linesman : Shane Heyer and Lyle Seitz
Game Note
Zac Dalpe has scored a Hat Trick!
Daniel Mannella enters game at 0:06 of 2nd period
Ian McCoshen is injured at 1:26 of 3rd period (Left Foot)
Finance
Level 1 -- Attendance: 1754 (87,70%) -- Ticket Income 61 390 $
Level 2 -- Attendance: 1000 (100,00%) -- Ticket Income 15 000 $
Total Attendance: 2754 (91,80%)
Total Ticket Income: 76 390 $
Other Income: 15 278 $
Total Income: 91 668 $



Team Name Goals Shots Shots Attemp Shots Blocked PIM HIT PP PK FO%
Marlies 3408582202 / 7 (29%)060%
Wolf Pack 541701614270 / 1 (0%)240%

Marlies
Player Name POS G A P +/- PIM HIT SHT SB MP PP MP PP SHT PK MP PK SHT FO% FOT
Brad Malone C/LW011-2265024:375:2920:00067% 21
Cal O'ReillyC0000014023:475:4920:40060% 35
Calvin De HaanD000-3021126:175:5310:5500% 0
Dominik SimonC/LW/RW123-3013024:215:2921:0100% 0
Dylan BlujusD000-3030224:565:5300:4000% 0
Ian McCoshenD1010013214:385:2520:3900% 0
Josh WesleyD000-1011115:210:0000:0000% 0
Kristian VesalainenLW/RW000-1013012:380:0001:04075% 4
Loui ErikssonLW/RW0000003023:075:4910:00033% 3
Mathias Brome LW101-2002010:160:0000:000100% 1
Max McCormickC/LW0000015023:475:4920:4000% 0
Mitchell HeardC011-2021010:160:0000:00063% 16
Skyler McKenzieLW000000000:150:0000:1500% 0
Tim McGauleyC000000000:560:0000:0000% 0
Tim SchallerC/LW/RW011-1004013:225:2910:18067% 3
Tyler LewingtonD011-1012121:525:2501:1800% 0
Victor EjdsellC000-1000011:340:0000:00043% 14
Yegor RykovD0000003116:000:0000:2600% 0
Wolf Pack
Player Name POS G A P +/- PIM HIT SHT SB MP PP MP PP SHT PK MP PK SHT FO% FOT
Ben HolmstromC/RW0001003015:211:2300:00030% 20
Brad RichardsonC/LW/RW0112035020:580:3604:29044% 9
Cole BardreauC/RW0000033017:520:0003:18033% 3
Daniel WalcottD0111430119:401:2303:3600% 0
Dave GustRW0112209021:180:3614:5000% 0
Emile PoirierLW/RW0221010115:211:2300:00050% 2
Jeremy BraccoLW/RW0000004014:340:0000:0000% 1
Joe ThorntonC0000000114:340:0000:00058% 19
Luke WitkowskiRW1011415018:241:2303:0400% 0
Matt DonovanD1123031424:480:3605:5900% 0
Michael KaplaD0000260316:180:0002:3100% 0
Nick LappinC/RW000100002:180:0000:00040% 5
Santerri SaariD0000031113:480:0000:0000% 0
Seth HelgesonD0111201420:271:2304:2200% 0
Shane BowersC/RW011100202:180:0000:0000% 0
Ty RonningRW000000000:000:0000:0000% 0
Tyler WotherspoonD0223032124:550:3606:0600% 0
Zac Dalpe C/LW/RW3033015024:560:3606:09037% 38



Play-by-Play

1st period


0:01 of 1st period - Brad Malone wins face-off versus Zac Dalpe in neutral zone.
0:13 of 1st period - Icing by Zac Dalpe .
0:14 of 1st period - Cal O'Reilly wins face-off versus Zac Dalpe in Wolf Pack zone.
0:27 of 1st period - Shot by Cal O'Reilly.
0:27 of 1st period - Stopped by Mads Sogaard without a rebound.
0:28 of 1st period - Victor Ejdsell wins face-off versus Ben Holmstrom in Wolf Pack zone.
0:45 of 1st period - Minor Penalty to Daniel Walcott for Delaying the game.
0:46 of 1st period - Zac Dalpe wins face-off versus Cal O'Reilly in Wolf Pack zone.
1:13 of 1st period - Shot by Loui Eriksson.
1:13 of 1st period - Shot Misses the Net.
1:15 of 1st period - Shot by Calvin De Haan.
1:15 of 1st period - Shot Blocked by Seth Helgeson.
1:21 of 1st period - Shot by Cal O'Reilly.
1:21 of 1st period - Stopped by Mads Sogaard without a rebound.
1:22 of 1st period - Brad Malone wins face-off versus Zac Dalpe in Wolf Pack zone.
1:48 of 1st period - Shot by Ian McCoshen.
1:48 of 1st period - Goal by Ian McCoshen - Marlies : 1 - Wolf Pack : 0.
1:49 of 1st period - Joe Thornton wins face-off versus Cal O'Reilly in neutral zone.
1:58 of 1st period - Shot by Max McCormick.
1:58 of 1st period - Stopped by Mads Sogaard without a rebound.
1:59 of 1st period - Mitchell Heard wins face-off versus Ben Holmstrom in Wolf Pack zone.
1:59 of 1st period - Mathias Brome is hit by Michael Kapla and loses puck.
2:03 of 1st period - Dominik Simon is hit by Michael Kapla.
2:12 of 1st period - Mitchell Heard is hit by Michael Kapla and loses puck.
2:27 of 1st period - Shot by Mitchell Heard.
2:27 of 1st period - Stopped by Mads Sogaard without a rebound.
2:28 of 1st period - Zac Dalpe wins face-off versus Cal O'Reilly in Wolf Pack zone.
2:43 of 1st period - Shot by Dave Gust.
2:43 of 1st period - Deflect By Zac Dalpe .
2:43 of 1st period - Stopped by Erik Kallgren without a rebound.
2:44 of 1st period - Joe Thornton wins face-off versus Victor Ejdsell in Marlies zone.
2:49 of 1st period - Shot by Cole Bardreau.
2:49 of 1st period - Deflect By Jeremy Bracco.
2:49 of 1st period - Stopped by Erik Kallgren without a rebound.
2:50 of 1st period - Brad Malone wins face-off versus Zac Dalpe in Marlies zone.
2:56 of 1st period - Icing by Dylan Blujus.
2:57 of 1st period - Brad Malone wins face-off versus Zac Dalpe in Marlies zone.
2:57 of 1st period - Dominik Simon is hit by Zac Dalpe .
2:58 of 1st period - Icing by Dominik Simon.
2:59 of 1st period - Tim Schaller wins face-off versus Joe Thornton in Marlies zone.
3:09 of 1st period - Shot by Tim Schaller.
3:09 of 1st period - Stopped by Mads Sogaard without a rebound.
3:10 of 1st period - Cal O'Reilly wins face-off versus Zac Dalpe in Wolf Pack zone.
3:25 of 1st period - Shot by Brad Richardson.
3:25 of 1st period - Shot Misses the Net.
3:30 of 1st period - Brad Richardson is hit by Ian McCoshen and loses puck.
3:33 of 1st period - Shot by Dave Gust.
3:33 of 1st period - Stopped by Erik Kallgren with a rebound.
4:09 of 1st period - Shot by Ben Holmstrom.
4:09 of 1st period - Stopped by Erik Kallgren without a rebound.
4:10 of 1st period - Brad Malone wins face-off versus Joe Thornton in Marlies zone.
4:10 of 1st period - Brad Malone is hit by Cole Bardreau.
4:15 of 1st period - Minor Penalty to Michael Kapla for Hooking.
4:16 of 1st period - Tim Schaller wins face-off versus Zac Dalpe in Wolf Pack zone.
4:19 of 1st period - Shot by Brad Malone .
4:19 of 1st period - Shot Misses the Net.
4:21 of 1st period - Shot by Dominik Simon.
4:21 of 1st period - Shot Misses the Net.
5:18 of 1st period - Shot by Cal O'Reilly.
5:18 of 1st period - Stopped by Mads Sogaard without a rebound.
5:19 of 1st period - Cal O'Reilly wins face-off versus Brad Richardson in Wolf Pack zone.
5:48 of 1st period - Shot by Cal O'Reilly.
5:48 of 1st period - Shot Misses the Net.
6:42 of 1st period - Shot by Kristian Vesalainen.
6:42 of 1st period - Stopped by Mads Sogaard without a rebound.
6:43 of 1st period - Mitchell Heard wins face-off versus Nick Lappin in Wolf Pack zone.
6:54 of 1st period - Shot by Shane Bowers.
6:54 of 1st period - Deflect By Zac Dalpe .
6:54 of 1st period - Goal by Zac Dalpe - Marlies : 1 - Wolf Pack : 1.
6:55 of 1st period - Ben Holmstrom wins face-off versus Mitchell Heard in neutral zone.
7:05 of 1st period - Icing by Calvin De Haan.
7:06 of 1st period - Zac Dalpe wins face-off versus Mitchell Heard in Marlies zone.
7:26 of 1st period - Mathias Brome is hit by Brad Richardson.
7:36 of 1st period - Shot by Zac Dalpe .
7:36 of 1st period - Goal by Zac Dalpe - Marlies : 1 - Wolf Pack : 2.
7:37 of 1st period - Victor Ejdsell wins face-off versus Ben Holmstrom in neutral zone.
7:41 of 1st period - Brad Malone is hit by Tyler Wotherspoon and loses puck.
7:54 of 1st period - Shot by Ben Holmstrom.
7:54 of 1st period - Shot Misses the Net.
8:11 of 1st period - Shot by Matt Donovan.
8:11 of 1st period - Shot Blocked by Yegor Rykov.
8:13 of 1st period - Shot by Luke Witkowski.
8:13 of 1st period - Goal by Luke Witkowski - Marlies : 1 - Wolf Pack : 3.
8:14 of 1st period - Cal O'Reilly wins face-off versus Zac Dalpe in neutral zone.
8:16 of 1st period - Off-side.
8:17 of 1st period - Zac Dalpe wins face-off versus Cal O'Reilly in neutral zone.
8:23 of 1st period - Icing by Calvin De Haan.
8:24 of 1st period - Loui Eriksson wins face-off versus Zac Dalpe in Marlies zone.
8:24 of 1st period - Minor Penalty to Dave Gust for Tripping.
8:25 of 1st period - Brad Malone wins face-off versus Zac Dalpe in Wolf Pack zone.
8:30 of 1st period - Shot by Tim Schaller.
8:30 of 1st period - Shot Misses the Net.
8:32 of 1st period - Shot by Dylan Blujus.
8:32 of 1st period - Shot Blocked by Matt Donovan.
8:34 of 1st period - Shot by Tim Schaller.
8:34 of 1st period - Shot Misses the Net.
9:17 of 1st period - Icing by Cal O'Reilly.
9:18 of 1st period - Cal O'Reilly wins face-off versus Brad Richardson in Marlies zone.
9:18 of 1st period - Cal O'Reilly is hit by Brad Richardson.
9:24 of 1st period - Shot by Ian McCoshen.
9:24 of 1st period - Shot Blocked by Seth Helgeson.
9:32 of 1st period - Shot by Loui Eriksson.
9:32 of 1st period - Shot Blocked by Daniel Walcott.
9:34 of 1st period - Shot by Tyler Lewington.
9:34 of 1st period - Shot Misses the Net.
9:39 of 1st period - Loui Eriksson is hit by Daniel Walcott and loses puck.
9:41 of 1st period - Minor Penalty to Daniel Walcott for Hooking.
9:42 of 1st period - Brad Malone wins face-off versus Zac Dalpe in Wolf Pack zone.
9:57 of 1st period - Shot by Calvin De Haan.
9:57 of 1st period - Shot Misses the Net.
9:59 of 1st period - Shot by Brad Malone .
9:59 of 1st period - Shot Misses the Net.
10:01 of 1st period - Shot by Dylan Blujus.
10:01 of 1st period - Deflect By Dominik Simon.
10:01 of 1st period - Shot Misses the Net.
10:03 of 1st period - Shot by Tim Schaller.
10:03 of 1st period - Shot Blocked by Michael Kapla.
10:11 of 1st period - Shot by Dominik Simon.
10:11 of 1st period - Deflect By Brad Malone .
10:11 of 1st period - Stopped by Mads Sogaard without a rebound.
10:12 of 1st period - Cal O'Reilly wins face-off versus Cole Bardreau in Wolf Pack zone.
10:13 of 1st period - Shot by Loui Eriksson.
10:13 of 1st period - Shot Misses the Net.
10:15 of 1st period - Shot by Ian McCoshen.
10:15 of 1st period - Stopped by Mads Sogaard without a rebound.
10:16 of 1st period - Zac Dalpe wins face-off versus Cal O'Reilly in Wolf Pack zone.
10:53 of 1st period - Shot by Zac Dalpe .
10:53 of 1st period - Deflect By Dave Gust.
10:53 of 1st period - Shot Blocked by Tyler Lewington.
10:58 of 1st period - Icing by Max McCormick.
10:59 of 1st period - Cal O'Reilly wins face-off versus Brad Richardson in Marlies zone.
11:01 of 1st period - Icing by Tyler Lewington.
11:02 of 1st period - Cal O'Reilly wins face-off versus Zac Dalpe in Marlies zone.
11:30 of 1st period - Tim Schaller is hit by Michael Kapla and loses puck.
11:35 of 1st period - Shot by Tim Schaller.
11:35 of 1st period - Stopped by Mads Sogaard with a rebound.
11:36 of 1st period - Minor Penalty to Seth Helgeson for Tripping.
11:37 of 1st period - Zac Dalpe wins face-off versus Brad Malone in Wolf Pack zone.
11:37 of 1st period - Tyler Wotherspoon is hit by Brad Malone .
11:48 of 1st period - Dylan Blujus is hit by Matt Donovan and loses puck.
12:07 of 1st period - Shot by Brad Malone .
12:07 of 1st period - Stopped by Mads Sogaard without a rebound.
12:08 of 1st period - Brad Richardson wins face-off versus Cal O'Reilly in Wolf Pack zone.
12:30 of 1st period - Loui Eriksson is hit by Daniel Walcott and loses puck.
12:33 of 1st period - Shot by Cal O'Reilly.
12:33 of 1st period - Deflect By Max McCormick.
12:33 of 1st period - Shot Blocked by Michael Kapla.
12:35 of 1st period - Shot by Loui Eriksson.
12:35 of 1st period - Shot Misses the Net.
13:20 of 1st period - Off-side.
13:21 of 1st period - Cal O'Reilly wins face-off versus Cole Bardreau in neutral zone.
13:26 of 1st period - Daniel Walcott is hit by Max McCormick and loses puck.
13:31 of 1st period - Shot by Max McCormick.
13:31 of 1st period - Stopped by Mads Sogaard without a rebound.
13:32 of 1st period - Brad Richardson wins face-off versus Cal O'Reilly in Wolf Pack zone.
13:32 of 1st period - Brad Richardson is hit by Cal O'Reilly.
13:54 of 1st period - Shot by Cole Bardreau.
13:54 of 1st period - Stopped by Erik Kallgren without a rebound.
13:55 of 1st period - Ben Holmstrom wins face-off versus Brad Malone in Marlies zone.
14:57 of 1st period - Shot by Loui Eriksson.
14:57 of 1st period - Stopped by Mads Sogaard without a rebound.
14:58 of 1st period - Joe Thornton wins face-off versus Mitchell Heard in Wolf Pack zone.
14:58 of 1st period - Joe Thornton is hit by Mitchell Heard.
15:01 of 1st period - Cole Bardreau is hit by Mitchell Heard and loses puck.
15:06 of 1st period - Michael Kapla is hit by Dominik Simon.
15:54 of 1st period - Cal O'Reilly is hit by Michael Kapla.
16:56 of 1st period - Shot by Tyler Lewington.
16:56 of 1st period - Stopped by Mads Sogaard without a rebound.
16:57 of 1st period - Mitchell Heard wins face-off versus Zac Dalpe in Wolf Pack zone.
17:16 of 1st period - Shot by Zac Dalpe .
17:16 of 1st period - Stopped by Erik Kallgren without a rebound.
17:17 of 1st period - Cal O'Reilly wins face-off versus Ben Holmstrom in Marlies zone.
17:29 of 1st period - Icing by Josh Wesley.
17:30 of 1st period - Cal O'Reilly wins face-off versus Zac Dalpe in Marlies zone.
17:40 of 1st period - Max McCormick is hit by Matt Donovan.
17:48 of 1st period - Shot by Dave Gust.
17:48 of 1st period - Stopped by Erik Kallgren without a rebound.
17:49 of 1st period - Ben Holmstrom wins face-off versus Brad Malone in Marlies zone.
18:10 of 1st period - Icing by Calvin De Haan.
18:11 of 1st period - Brad Malone wins face-off versus Zac Dalpe in Marlies zone.
18:11 of 1st period - Brad Malone is hit by Brad Richardson.
18:23 of 1st period - Shot by Tim Schaller.
18:23 of 1st period - Stopped by Mads Sogaard with a rebound.
18:29 of 1st period - Shot by Brad Malone .
18:29 of 1st period - Shot Misses the Net.
18:31 of 1st period - Shot by Brad Malone .
18:31 of 1st period - Shot Misses the Net.
18:40 of 1st period - Icing by Brad Richardson.
18:41 of 1st period - Cal O'Reilly wins face-off versus Zac Dalpe in Wolf Pack zone.
19:00 of 1st period - Shot by Max McCormick.
19:00 of 1st period - Shot Blocked by Tyler Wotherspoon.
19:02 of 1st period - Shot by Tyler Lewington.
19:02 of 1st period - Stopped by Mads Sogaard without a rebound.
19:03 of 1st period - Ben Holmstrom wins face-off versus Kristian Vesalainen in Wolf Pack zone.
19:37 of 1st period - Shot by Luke Witkowski.
19:37 of 1st period - Shot Misses the Net.
Goals for this period are 1 for Marlies vs 3 for Wolf Pack.
Shots for this period are 17 for Marlies vs 10 for Wolf Pack.

2nd period


0:01 of 2nd period - Zac Dalpe wins face-off versus Brad Malone in neutral zone.
0:06 of 2nd period - Shot by Zac Dalpe .
0:06 of 2nd period - Goal by Zac Dalpe - Marlies : 1 - Wolf Pack : 4.
0:06 of 2nd period - Daniel Mannella enters game.
0:07 of 2nd period - Brad Malone wins face-off versus Zac Dalpe in neutral zone.
0:12 of 2nd period - Shot by Brad Malone .
0:12 of 2nd period - Stopped by Mads Sogaard without a rebound.
0:13 of 2nd period - Brad Malone wins face-off versus Brad Richardson in Wolf Pack zone.
0:33 of 2nd period - Dave Gust is hit by Dylan Blujus and loses puck.
0:43 of 2nd period - Dave Gust is hit by Brad Malone and loses puck.
0:48 of 2nd period - Shot by Dominik Simon.
0:48 of 2nd period - Shot Misses the Net.
0:50 of 2nd period - Shot by Tim Schaller.
0:50 of 2nd period - Stopped by Mads Sogaard with a rebound.
1:16 of 2nd period - Shot by Max McCormick.
1:16 of 2nd period - Deflect By Cal O'Reilly.
1:16 of 2nd period - Stopped by Mads Sogaard with a rebound.
1:18 of 2nd period - Shot by Loui Eriksson.
1:18 of 2nd period - Shot Misses the Net.
1:20 of 2nd period - Shot by Ian McCoshen.
1:20 of 2nd period - Stopped by Mads Sogaard without a rebound.
1:21 of 2nd period - Joe Thornton wins face-off versus Mitchell Heard in Wolf Pack zone.
1:53 of 2nd period - Shot by Cole Bardreau.
1:53 of 2nd period - Deflect By Joe Thornton.
1:53 of 2nd period - Shot Blocked by Josh Wesley.
2:35 of 2nd period - Shot by Emile Poirier.
2:35 of 2nd period - Shot Misses the Net.
2:43 of 2nd period - Shot by Luke Witkowski.
2:43 of 2nd period - Stopped by Daniel Mannella with a rebound.
2:45 of 2nd period - Shot by Emile Poirier.
2:45 of 2nd period - Shot Misses the Net.
2:47 of 2nd period - Shot by Luke Witkowski.
2:47 of 2nd period - Stopped by Daniel Mannella without a rebound.
2:48 of 2nd period - Victor Ejdsell wins face-off versus Brad Richardson in Marlies zone.
2:54 of 2nd period - Victor Ejdsell is hit by Matt Donovan and loses puck.
3:12 of 2nd period - Shot by Zac Dalpe .
3:12 of 2nd period - Shot Misses the Net.
3:14 of 2nd period - Shot by Brad Richardson.
3:14 of 2nd period - Shot Misses the Net.
3:16 of 2nd period - Shot by Brad Richardson.
3:16 of 2nd period - Shot Blocked by Dylan Blujus.
3:18 of 2nd period - Shot by Tyler Wotherspoon.
3:18 of 2nd period - Shot Misses the Net.
4:04 of 2nd period - Shot by Dominik Simon.
4:04 of 2nd period - Stopped by Mads Sogaard with a rebound.
4:06 of 2nd period - Shot by Mitchell Heard.
4:06 of 2nd period - Deflect By Mathias Brome .
4:06 of 2nd period - Goal by Mathias Brome - Marlies : 2 - Wolf Pack : 4.
4:07 of 2nd period - Joe Thornton wins face-off versus Cal O'Reilly in neutral zone.
4:19 of 2nd period - Shot by Jeremy Bracco.
4:19 of 2nd period - Shot Misses the Net.
4:46 of 2nd period - Max McCormick is hit by Santerri Saari and loses puck.
4:50 of 2nd period - Icing by Michael Kapla.
4:51 of 2nd period - Joe Thornton wins face-off versus Mitchell Heard in Wolf Pack zone.
5:04 of 2nd period - Icing by Michael Kapla.
5:05 of 2nd period - Brad Malone wins face-off versus Joe Thornton in Wolf Pack zone.
5:05 of 2nd period - Brad Malone is hit by Michael Kapla.
5:10 of 2nd period - Tim Schaller is hit by Santerri Saari and loses puck.
5:27 of 2nd period - Shot by Brad Richardson.
5:27 of 2nd period - Shot Misses the Net.
5:45 of 2nd period - Shot by Brad Richardson.
5:45 of 2nd period - Shot Misses the Net.
5:47 of 2nd period - Shot by Zac Dalpe .
5:47 of 2nd period - Shot Hit the Post.
5:49 of 2nd period - Shot by Zac Dalpe .
5:49 of 2nd period - Shot Blocked by Dylan Blujus.
5:51 of 2nd period - Shot by Tyler Wotherspoon.
5:51 of 2nd period - Stopped by Daniel Mannella without a rebound.
5:52 of 2nd period - Cal O'Reilly wins face-off versus Ben Holmstrom in Marlies zone.
5:52 of 2nd period - Cal O'Reilly is hit by Emile Poirier.
6:07 of 2nd period - Shot by Ben Holmstrom.
6:07 of 2nd period - Stopped by Daniel Mannella with a rebound.
6:09 of 2nd period - Shot by Luke Witkowski.
6:09 of 2nd period - Stopped by Daniel Mannella without a rebound.
6:10 of 2nd period - Nick Lappin wins face-off versus Victor Ejdsell in Marlies zone.
6:17 of 2nd period - Shot by Shane Bowers.
6:17 of 2nd period - Stopped by Daniel Mannella without a rebound.
6:18 of 2nd period - Ben Holmstrom wins face-off versus Cal O'Reilly in Marlies zone.
8:12 of 2nd period - Shot by Josh Wesley.
8:12 of 2nd period - Stopped by Mads Sogaard without a rebound.
8:13 of 2nd period - Cal O'Reilly wins face-off versus Joe Thornton in Wolf Pack zone.
8:44 of 2nd period - Shot by Jeremy Bracco.
8:44 of 2nd period - Stopped by Daniel Mannella without a rebound.
8:45 of 2nd period - Mitchell Heard wins face-off versus Emile Poirier in Marlies zone.
8:45 of 2nd period - Mathias Brome is hit by Luke Witkowski.
8:46 of 2nd period - Double Minor Penalty to Luke Witkowski for Roughing.
8:47 of 2nd period - Brad Malone wins face-off versus Zac Dalpe in Wolf Pack zone.
9:10 of 2nd period - Shot by Ian McCoshen.
9:10 of 2nd period - Deflect By Dominik Simon.
9:10 of 2nd period - Stopped by Mads Sogaard without a rebound.
9:11 of 2nd period - Brad Richardson wins face-off versus Cal O'Reilly in Wolf Pack zone.
9:32 of 2nd period - Shot by Loui Eriksson.
9:32 of 2nd period - Stopped by Mads Sogaard without a rebound.
9:33 of 2nd period - Zac Dalpe wins face-off versus Brad Malone in Wolf Pack zone.
9:50 of 2nd period - Shot by Tim Schaller.
9:50 of 2nd period - Shot Blocked by Matt Donovan.
9:52 of 2nd period - Shot by Dominik Simon.
9:52 of 2nd period - Goal by Dominik Simon - Marlies : 3 - Wolf Pack : 4.
9:53 of 2nd period - Cal O'Reilly wins face-off versus Zac Dalpe in neutral zone.
9:59 of 2nd period - Off-side.
10:00 of 2nd period - Zac Dalpe wins face-off versus Cal O'Reilly in neutral zone.
10:08 of 2nd period - Shot by Calvin De Haan.
10:08 of 2nd period - Shot Misses the Net.
10:20 of 2nd period - Shot by Max McCormick.
10:20 of 2nd period - Shot Blocked by Matt Donovan.
10:22 of 2nd period - Shot by Calvin De Haan.
10:22 of 2nd period - Stopped by Mads Sogaard with a rebound.
10:24 of 2nd period - Shot by Max McCormick.
10:24 of 2nd period - Stopped by Mads Sogaard without a rebound.
10:25 of 2nd period - Brad Richardson wins face-off versus Brad Malone in Wolf Pack zone.
10:25 of 2nd period - Brad Richardson is hit by Brad Malone .
10:44 of 2nd period - Brad Malone is hit by Tyler Wotherspoon and loses puck.
11:54 of 2nd period - Shot by Kristian Vesalainen.
11:54 of 2nd period - Shot Misses the Net.
11:56 of 2nd period - Shot by Yegor Rykov.
11:56 of 2nd period - Stopped by Mads Sogaard with a rebound.
11:58 of 2nd period - Shot by Kristian Vesalainen.
11:58 of 2nd period - Shot Misses the Net.
12:00 of 2nd period - Shot by Kristian Vesalainen.
12:00 of 2nd period - Shot Blocked by Santerri Saari.
12:02 of 2nd period - Shot by Brad Malone .
12:02 of 2nd period - Deflect By Kristian Vesalainen.
12:02 of 2nd period - Stopped by Mads Sogaard without a rebound.
12:03 of 2nd period - Mitchell Heard wins face-off versus Ben Holmstrom in Wolf Pack zone.
12:49 of 2nd period - Icing by Seth Helgeson.
12:50 of 2nd period - Ben Holmstrom wins face-off versus Cal O'Reilly in Wolf Pack zone.
13:53 of 2nd period - Matt Donovan is hit by Brad Malone and loses puck.
14:16 of 2nd period - Shot by Dave Gust.
14:16 of 2nd period - Stopped by Daniel Mannella with a rebound.
14:45 of 2nd period - Shot by Mitchell Heard.
14:45 of 2nd period - Deflect By Mathias Brome .
14:45 of 2nd period - Stopped by Mads Sogaard with a rebound.
14:47 of 2nd period - Shot by Yegor Rykov.
14:47 of 2nd period - Stopped by Mads Sogaard with a rebound.
14:49 of 2nd period - Shot by Yegor Rykov.
14:49 of 2nd period - Stopped by Mads Sogaard without a rebound.
14:50 of 2nd period - Joe Thornton wins face-off versus Tim Schaller in Wolf Pack zone.
15:15 of 2nd period - Shot by Brad Malone .
15:15 of 2nd period - Shot Misses the Net.
15:40 of 2nd period - Max McCormick is hit by Santerri Saari and loses puck.
15:43 of 2nd period - Shot by Max McCormick.
15:43 of 2nd period - Stopped by Mads Sogaard with a rebound.
15:45 of 2nd period - Shot by Loui Eriksson.
15:45 of 2nd period - Stopped by Mads Sogaard without a rebound.
15:46 of 2nd period - Mathias Brome wins face-off versus Nick Lappin in Wolf Pack zone.
15:49 of 2nd period - Shot by Dominik Simon.
15:49 of 2nd period - Shot Misses the Net.
16:32 of 2nd period - Shot by Ian McCoshen.
16:32 of 2nd period - Shot Blocked by Seth Helgeson.
16:37 of 2nd period - Off-side.
16:38 of 2nd period - Cal O'Reilly wins face-off versus Ben Holmstrom in neutral zone.
16:51 of 2nd period - Shot by Loui Eriksson.
16:51 of 2nd period - Shot Blocked by Matt Donovan.
16:53 of 2nd period - Shot by Josh Wesley.
16:53 of 2nd period - Deflect By Max McCormick.
16:53 of 2nd period - Shot Blocked by Emile Poirier.
16:55 of 2nd period - Shot by Loui Eriksson.
16:55 of 2nd period - Shot Misses the Net.
17:18 of 2nd period - Luke Witkowski is hit by Josh Wesley and loses puck.
17:33 of 2nd period - Off-side.
17:34 of 2nd period - Joe Thornton wins face-off versus Victor Ejdsell in neutral zone.
17:46 of 2nd period - Icing by Calvin De Haan.
17:47 of 2nd period - Zac Dalpe wins face-off versus Victor Ejdsell in Marlies zone.
17:53 of 2nd period - Icing by Dylan Blujus.
17:54 of 2nd period - Zac Dalpe wins face-off versus Victor Ejdsell in Marlies zone.
18:07 of 2nd period - Shot by Dave Gust.
18:07 of 2nd period - Stopped by Daniel Mannella with a rebound.
18:09 of 2nd period - Shot by Santerri Saari.
18:09 of 2nd period - Stopped by Daniel Mannella with a rebound.
18:19 of 2nd period - Shot by Brad Richardson.
18:19 of 2nd period - Stopped by Daniel Mannella without a rebound.
18:20 of 2nd period - Cal O'Reilly wins face-off versus Joe Thornton in Marlies zone.
19:26 of 2nd period - Shot by Brad Malone .
19:26 of 2nd period - Stopped by Mads Sogaard without a rebound.
19:27 of 2nd period - Victor Ejdsell wins face-off versus Zac Dalpe in Wolf Pack zone.
Goals for this period are 2 for Marlies vs 1 for Wolf Pack.
Shots for this period are 20 for Marlies vs 12 for Wolf Pack.

3rd period


0:01 of 3rd period - Zac Dalpe wins face-off versus Brad Malone in neutral zone.
0:08 of 3rd period - Shot by Dominik Simon.
0:08 of 3rd period - Shot Misses the Net.
0:38 of 3rd period - Shot by Dave Gust.
0:38 of 3rd period - Shot Misses the Net.
0:40 of 3rd period - Shot by Dave Gust.
0:40 of 3rd period - Stopped by Daniel Mannella with a rebound.
0:47 of 3rd period - Minor Penalty to Brad Malone for Holding.
0:48 of 3rd period - Kristian Vesalainen wins face-off versus Ben Holmstrom in Marlies zone.
1:12 of 3rd period - Shot by Seth Helgeson.
1:12 of 3rd period - Shot Misses the Net.
1:22 of 3rd period - Shot by Ben Holmstrom.
1:22 of 3rd period - Shot Blocked by Ian McCoshen.
1:24 of 3rd period - Shot by Luke Witkowski.
1:24 of 3rd period - Shot Misses the Net.
1:26 of 3rd period - Shot by Luke Witkowski.
1:26 of 3rd period - Shot Blocked by Ian McCoshen.
1:26 of 3rd period - Ian McCoshen from Marlies is injured at 1:26 of 3rd period (Left Foot).
1:27 of 3rd period - Zac Dalpe wins face-off versus Cal O'Reilly in Marlies zone.
1:32 of 3rd period - Shot by Matt Donovan.
1:32 of 3rd period - Shot Misses the Net.
1:50 of 3rd period - Shot by Dave Gust.
1:50 of 3rd period - Stopped by Daniel Mannella with a rebound.
2:09 of 3rd period - Icing by Seth Helgeson.
2:10 of 3rd period - Kristian Vesalainen wins face-off versus Ben Holmstrom in Wolf Pack zone.
2:10 of 3rd period - Dominik Simon is hit by Daniel Walcott and loses puck.
3:07 of 3rd period - Jeremy Bracco is hit by Kristian Vesalainen and loses puck.
4:04 of 3rd period - Zac Dalpe is hit by Brad Malone and loses puck.
4:21 of 3rd period - Shot by Brad Richardson.
4:21 of 3rd period - Stopped by Daniel Mannella without a rebound.
4:22 of 3rd period - Nick Lappin wins face-off versus Mitchell Heard in Marlies zone.
4:39 of 3rd period - Shot by Shane Bowers.
4:39 of 3rd period - Stopped by Daniel Mannella without a rebound.
4:40 of 3rd period - Cal O'Reilly wins face-off versus Ben Holmstrom in Marlies zone.
5:12 of 3rd period - Shot by Ben Holmstrom.
5:12 of 3rd period - Stopped by Daniel Mannella without a rebound.
5:13 of 3rd period - Mitchell Heard wins face-off versus Zac Dalpe in Marlies zone.
5:22 of 3rd period - Daniel Walcott is hit by Calvin De Haan and loses puck.
5:48 of 3rd period - Brad Richardson is hit by Calvin De Haan and loses puck.
6:04 of 3rd period - Off-side.
6:05 of 3rd period - Emile Poirier wins face-off versus Cal O'Reilly in neutral zone.
6:17 of 3rd period - Shot by Max McCormick.
6:17 of 3rd period - Stopped by Mads Sogaard without a rebound.
6:18 of 3rd period - Joe Thornton wins face-off versus Victor Ejdsell in Wolf Pack zone.
6:31 of 3rd period - Shot by Kristian Vesalainen.
6:31 of 3rd period - Shot Misses the Net.
6:33 of 3rd period - Shot by Kristian Vesalainen.
6:33 of 3rd period - Shot Blocked by Joe Thornton.
6:35 of 3rd period - Shot by Brad Malone .
6:35 of 3rd period - Stopped by Mads Sogaard without a rebound.
6:36 of 3rd period - Cal O'Reilly wins face-off versus Ben Holmstrom in Wolf Pack zone.
6:43 of 3rd period - Shot by Max McCormick.
6:43 of 3rd period - Shot Misses the Net.
7:05 of 3rd period - Shot by Luke Witkowski.
7:05 of 3rd period - Shot Misses the Net.
7:07 of 3rd period - Shot by Ben Holmstrom.
7:07 of 3rd period - Shot Misses the Net.
7:42 of 3rd period - Shot by Brad Richardson.
7:42 of 3rd period - Shot Blocked by Calvin De Haan.
7:44 of 3rd period - Shot by Zac Dalpe .
7:44 of 3rd period - Shot Misses the Net.
7:46 of 3rd period - Shot by Brad Richardson.
7:46 of 3rd period - Stopped by Daniel Mannella with a rebound.
7:48 of 3rd period - Shot by Dave Gust.
7:48 of 3rd period - Stopped by Daniel Mannella without a rebound.
7:49 of 3rd period - Victor Ejdsell wins face-off versus Joe Thornton in Marlies zone.
8:26 of 3rd period - Shot by Cole Bardreau.
8:26 of 3rd period - Stopped by Daniel Mannella without a rebound.
8:27 of 3rd period - Mitchell Heard wins face-off versus Zac Dalpe in Marlies zone.
8:37 of 3rd period - Mitchell Heard is hit by Tyler Wotherspoon and loses puck.
9:41 of 3rd period - Shot by Ben Holmstrom.
9:41 of 3rd period - Shot Misses the Net.
9:43 of 3rd period - Shot by Seth Helgeson.
9:43 of 3rd period - Stopped by Daniel Mannella without a rebound.
9:44 of 3rd period - Joe Thornton wins face-off versus Victor Ejdsell in Marlies zone.
10:06 of 3rd period - Shot by Kristian Vesalainen.
10:06 of 3rd period - Stopped by Mads Sogaard without a rebound.
10:07 of 3rd period - Mitchell Heard wins face-off versus Ben Holmstrom in Wolf Pack zone.
10:26 of 3rd period - Shot by Dominik Simon.
10:26 of 3rd period - Shot Blocked by Seth Helgeson.
10:36 of 3rd period - Shot by Luke Witkowski.
10:36 of 3rd period - Stopped by Daniel Mannella with a rebound.
11:15 of 3rd period - Icing by Dylan Blujus.
11:16 of 3rd period - Cal O'Reilly wins face-off versus Joe Thornton in Marlies zone.
11:16 of 3rd period - Cal O'Reilly is hit by Cole Bardreau.
11:39 of 3rd period - Shot by Cole Bardreau.
11:39 of 3rd period - Stopped by Daniel Mannella without a rebound.
11:40 of 3rd period - Victor Ejdsell wins face-off versus Zac Dalpe in Marlies zone.
11:51 of 3rd period - Shot by Victor Ejdsell.
11:51 of 3rd period - Deflect By Brad Malone .
11:51 of 3rd period - Shot Misses the Net.
13:50 of 3rd period - Icing by Jeremy Bracco.
13:51 of 3rd period - Cole Bardreau wins face-off versus Victor Ejdsell in Wolf Pack zone.
14:18 of 3rd period - Shot by Yegor Rykov.
14:18 of 3rd period - Shot Misses the Net.
14:23 of 3rd period - Icing by Jeremy Bracco.
14:24 of 3rd period - Mitchell Heard wins face-off versus Jeremy Bracco in Wolf Pack zone.
14:49 of 3rd period - Shot by Mitchell Heard.
14:49 of 3rd period - Shot Misses the Net.
14:51 of 3rd period - Shot by Dylan Blujus.
14:51 of 3rd period - Shot Misses the Net.
16:02 of 3rd period - Off-side.
16:03 of 3rd period - Brad Malone wins face-off versus Nick Lappin in neutral zone.
16:16 of 3rd period - Shot by Tim Schaller.
16:16 of 3rd period - Shot Blocked by Michael Kapla.
16:40 of 3rd period - Nick Lappin is hit by Brad Malone and loses puck.
17:22 of 3rd period - Shot by Jeremy Bracco.
17:22 of 3rd period - Stopped by Daniel Mannella without a rebound.
17:23 of 3rd period - Mitchell Heard wins face-off versus Ben Holmstrom in Marlies zone.
17:51 of 3rd period - Tyler Wotherspoon is hit by Tyler Lewington and loses puck.
17:54 of 3rd period - Shot by Emile Poirier.
17:54 of 3rd period - Shot Misses the Net.
17:56 of 3rd period - Shot by Tyler Wotherspoon.
17:56 of 3rd period - Stopped by Daniel Mannella with a rebound.
17:58 of 3rd period - Shot by Matt Donovan.
17:58 of 3rd period - Goal by Matt Donovan - Marlies : 3 - Wolf Pack : 5.
17:59 of 3rd period - Joe Thornton wins face-off versus Loui Eriksson in neutral zone.
18:12 of 3rd period - Shot by Jeremy Bracco.
18:12 of 3rd period - Stopped by Daniel Mannella without a rebound.
18:13 of 3rd period - Kristian Vesalainen wins face-off versus Zac Dalpe in Marlies zone.
18:18 of 3rd period - Shot by Dave Gust.
18:18 of 3rd period - Stopped by Daniel Mannella without a rebound.
18:19 of 3rd period - Cal O'Reilly wins face-off versus Joe Thornton in Marlies zone.
18:19 of 3rd period - Cal O'Reilly is hit by Cole Bardreau.
18:40 of 3rd period - Jeremy Bracco is hit by Dylan Blujus.
19:01 of 3rd period - Icing by Cal O'Reilly.
19:02 of 3rd period - Zac Dalpe wins face-off versus Loui Eriksson in Marlies zone.
19:02 of 3rd period - Zac Dalpe is hit by Dylan Blujus.
19:06 of 3rd period - Shot by Dave Gust.
19:06 of 3rd period - Stopped by Daniel Mannella with a rebound.
19:20 of 3rd period - Shot by Brad Richardson.
19:20 of 3rd period - Stopped by Daniel Mannella with a rebound.
19:42 of 3rd period - Shot by Brad Richardson.
19:42 of 3rd period - Stopped by Daniel Mannella without a rebound.
19:43 of 3rd period - Brad Malone wins face-off versus Ben Holmstrom in Marlies zone.
Goals for this period are 0 for Marlies vs 1 for Wolf Pack.
Shots for this period are 3 for Marlies vs 19 for Wolf Pack.